NCAA
MICHIGAN STATE SPARTANS @ UTAH UTES
04/10/2028
 
TOP OF THE 1ST
Michigan State Spartans batting - Pitching for Utah Utes : RHP Timothy Díaz
Pitching: RHP Timothy Díaz
Batting: SHB Joe Emery 0-0: Ball
1-0: Ball
2-0: Ball
3-0: Called Strike
3-1: Called Strike
3-2: Ground out 4-3 (Groundball, 34)
Batting: LHB Norberto Garza 0-0: Swinging Strike
0-1: Ball
1-1: Ball
2-1: Ball
3-1: Base on Balls
Batting: LHB Cliff Mills 0-0: Ball
1-0: Foul Ball, location: 2F
1-1: Foul Ball, location: 2F
1-2: Foul Ball, location: 2F
1-2: Grounds into double play, 6-4-3 (Groundball, 6)
Top of the 1st over - 0 run(s), 0 hit(s), 0 error(s), 0 left on base; Michigan State 0 - Utah 0
BOTTOM OF THE 1ST
Utah Utes batting - Pitching for Michigan State Spartans : RHP Eric Wallace
Pitching: RHP Eric Wallace
Batting: RHB Steve Welch 0-0: Foul Ball, location: 2F
0-1: Ball
1-1: Foul Ball, location: 2F
1-2: Ball
2-2: Fly out, F8 (Flyball, 8LM)
Batting: RHB José Ayala 0-0: Ball
1-0: Foul Ball, location: 2F
1-1: Ball
2-1: Ball
3-1: Base on Balls
Batting: SHB John May 0-0: Called Strike
0-1: Ball
1-1: Foul Ball, location: 2F
1-2: Strikes out looking
Batting: RHB Randy Banks 0-0: Ball
1-0: Ball
2-0: Called Strike
2-1: Ball
3-1: Base on Balls
José Ayala to second
Batting: LHB Robby Bland 0-0: Called Strike
0-1: Foul Ball, location: 2F
0-2: SINGLE (Groundball, 34) (infield hit)
José Ayala to third
Randy Banks to second
Batting: RHB Kevin Hernández 0-0: Foul Ball, location: 2F
0-1: Fly out, F7 (Line Drive, 7)
Bottom of the 1st over - 0 run(s), 1 hit(s), 0 error(s), 3 left on base; Michigan State 0 - Utah 0
TOP OF THE 2ND
Michigan State Spartans batting - Pitching for Utah Utes : RHP Timothy Díaz
Batting: LHB Aaron Aguirre 0-0: Ball
1-0: Fly out, F8 (Flyball, 8LD)
Batting: LHB Gabriel Estrada 0-0: Fly out, F7 (Flyball, 78S)
Batting: LHB Chris Gibson 0-0: Ball
1-0: Called Strike
1-1: Ball
2-1: Fly out, F7 (Flyball, 7S)
Top of the 2nd over - 0 run(s), 0 hit(s), 0 error(s), 0 left on base; Michigan State 0 - Utah 0
BOTTOM OF THE 2ND
Utah Utes batting - Pitching for Michigan State Spartans : RHP Eric Wallace
Batting: RHB David Banks 0-0: Called Strike
0-1: Swinging Strike
0-2: Strikes out looking
Batting: SHB Josh Conner 0-0: SINGLE (Line Drive, 56)
Batting: SHB Carlos Mesa 0-0: Fly out, F6 (Line Drive, 6M)
Batting: RHB Steve Welch 0-0: Ball
1-0: Foul Ball, location: 2F
1-1: Foul Ball, location: 2F
1-2: Ball
2-2: Ball
3-2: Base on Balls
Josh Conner to second
Batting: RHB José Ayala 0-0: Ball
1-0: Swinging Strike
1-1: Ball
2-1: Called Strike
2-2: Ball
3-2: Base on Balls
Josh Conner to third
Steve Welch to second
Batting: SHB John May 0-0: Ball
1-0: Ball
2-0: Foul Ball, location: 2F
2-1: Ball
3-1: Base on Balls
Josh Conner scores
Steve Welch to third
José Ayala to second
Batting: RHB Randy Banks 0-0: Swinging Strike
0-1: Ball
1-1: Ball
2-1: Ball
3-1: Called Strike
3-2: Base on Balls
Steve Welch scores
José Ayala to third
John May to second
Batting: LHB Robby Bland 0-0: Ball
1-0: Reached on error, E4 (Groundball, 4)
José Ayala scores
John May to third
Randy Banks to second
Batting: RHB Kevin Hernández 0-0: Called Strike
0-1: Ball
1-1: Called Strike
1-2: SINGLE (Groundball, 25) (infield hit)
John May scores
Randy Banks to third
Robby Bland to second
Batting: RHB David Banks 0-0: Ball
1-0: Ball
2-0: Foul Ball, location: 2F
2-1: Ball
3-1: Foul Ball, location: 2F
3-2: Base on Balls
Randy Banks scores
Robby Bland to third
Kevin Hernández to second
Batting: SHB Josh Conner 0-0: Foul Ball, location: 2F
0-1: Ball
1-1: Ball
2-1: Foul Ball, location: 2F
2-2: Ball
3-2: Fly out, F7 (Flyball, 7LSF)
Bottom of the 2nd over - 5 run(s), 2 hit(s), 1 error(s), 3 left on base; Michigan State 0 - Utah 5
TOP OF THE 3RD
Michigan State Spartans batting - Pitching for Utah Utes : RHP Timothy Díaz
Batting: RHB Ryan Fullerton 0-0: Ball
1-0: Ground out U3 (Groundball, 3S)
Batting: RHB Bob Watson 0-0: Called Strike
0-1: Ball
1-1: Swinging Strike
1-2: Ball
2-2: Foul Ball, location: 2F
2-2: Foul Ball, location: 2F
2-2: Ground out 5-3 (Groundball, 5)
Batting: RHB Chris Marshall 0-0: Ball
1-0: Swinging Strike
1-1: Ball
2-1: Fly out, F6 (Popup, 56D)
Top of the 3rd over - 0 run(s), 0 hit(s), 0 error(s), 0 left on base; Michigan State 0 - Utah 5
BOTTOM OF THE 3RD
Utah Utes batting - Pitching for Michigan State Spartans : RHP Eric Wallace
Batting: SHB Carlos Mesa 0-0: Fly out, F8 (Line Drive, 78M)
Batting: RHB Steve Welch 0-0: Ball
1-0: Foul Ball, location: 2F
1-1: Ball
2-1: Ball
3-1: Base on Balls
Batting: RHB José Ayala 0-0: Ball
1-0: Fly out, F9 (Flyball, 9S)
Batting: SHB John May 0-0: Ball
1-0: Fly out, F8 (Flyball, 8LM)
Bottom of the 3rd over - 0 run(s), 0 hit(s), 0 error(s), 1 left on base; Michigan State 0 - Utah 5
TOP OF THE 4TH
Michigan State Spartans batting - Pitching for Utah Utes : RHP Timothy Díaz
Batting: SHB Joe Emery 0-0: Ball
1-0: Ball
2-0: Ball
3-0: Base on Balls
Batting: LHB Norberto Garza 0-0: Ball
1-0: Called Strike
1-1: Foul Ball, location: 2F
1-2: Fly out, F8 (Flyball, 8LXD)
Batting: LHB Cliff Mills 0-0: SINGLE (Line Drive, 34D)
Joe Emery to second
Runner from 2nd tries for 3rd, SAFE, no throw
Batting: LHB Aaron Aguirre 0-0: Ball
1-0: Called Strike
1-1: Called Strike
1-2: Ball
2-2: Ball
3-2: Base on Balls
Cliff Mills to second
Batting: LHB Gabriel Estrada 0-0: Called Strike
0-1: Ball
1-1: Foul Ball, location: 2F
1-2: Ball
2-2: Fielders Choice at 2nd, 3-6 (Groundball, 3)
Joe Emery scores
Cliff Mills to third
Batting: LHB Chris Gibson 0-0: Called Strike
0-1: DOUBLE (Line Drive, 9LS)
Cliff Mills scores
Gabriel Estrada to third
Runner from 3rd tries for Home, SAFE, no throw
Batting: RHB Ryan Fullerton 0-0: Called Strike
0-1: Foul Ball, location: 2F
0-2: Ball
1-2: Ball
2-2: Foul Ball, location: 2F
2-2: Ball
3-2: Foul Ball, location: 2F
3-2: Foul Ball, location: 2F
3-2: Strikes out swinging
Top of the 4th over - 3 run(s), 2 hit(s), 0 error(s), 1 left on base; Michigan State 3 - Utah 5
BOTTOM OF THE 4TH
Utah Utes batting - Pitching for Michigan State Spartans : RHP Eric Wallace
Pitching: RHP Nathaniel Reynolds
Batting: RHB Randy Banks 0-0: Called Strike
0-1: Foul Ball, location: 2F
0-2: Strikes out swinging
Batting: LHB Robby Bland 0-0: Ball
1-0: Fly out, F9 (Flyball, 9)
Batting: RHB Kevin Hernández 0-0: Ground out 4-3 (Groundball, 34)
Bottom of the 4th over - 0 run(s), 0 hit(s), 0 error(s), 0 left on base; Michigan State 3 - Utah 5
TOP OF THE 5TH
Michigan State Spartans batting - Pitching for Utah Utes : RHP Timothy Díaz
Batting: RHB Bob Watson 0-0: Called Strike
0-1: Ball
1-1: Ball
2-1: Swinging Strike
2-2: Ground out 6-3 (Groundball, 6S)
Batting: RHB Chris Marshall 0-0: Called Strike
0-1: Called Strike
0-2: Strikes out looking
Batting: SHB Joe Emery 0-0: Ground out U3 (Groundball, 34)
Top of the 5th over - 0 run(s), 0 hit(s), 0 error(s), 0 left on base; Michigan State 3 - Utah 5
BOTTOM OF THE 5TH
Utah Utes batting - Pitching for Michigan State Spartans : RHP Nathaniel Reynolds
Batting: RHB David Banks 0-0: Called Strike
0-1: Fly out, F8 (Flyball, 8RM)
Batting: SHB Josh Conner 0-0: Ball
1-0: Ball
2-0: Ball
3-0: Called Strike
3-1: Foul Ball, location: 2F
3-2: Strikes out swinging
Batting: SHB Carlos Mesa 0-0: SINGLE (Line Drive, 6D)
Batting: RHB Steve Welch 0-0: Ball
1-0: Swinging Strike
1-1: Ball
2-1: Swinging Strike
2-2: Ball
3-2: Fly out, F7 (Flyball, 7LSF)
Bottom of the 5th over - 0 run(s), 1 hit(s), 0 error(s), 1 left on base; Michigan State 3 - Utah 5
TOP OF THE 6TH
Michigan State Spartans batting - Pitching for Utah Utes : RHP Timothy Díaz
Batting: LHB Norberto Garza 0-0: Ball
1-0: Ball
2-0: SINGLE (Line Drive, 7S)
Batting: LHB Cliff Mills 0-0: Called Strike
0-1: Foul Ball, location: 2F
0-2: Ball
1-2: Ball
2-2: Foul Ball, location: 2F
2-2: SINGLE (Line Drive, 6MD)
Norberto Garza to second
Pitching: RHP Jeff Pope
Batting: LHB Aaron Aguirre 0-0: Swinging Strike
0-1: Ball
1-1: Swinging Strike
1-2: Foul Ball, location: 2F
1-2: Foul Ball, location: 2F
1-2: Ground out 4-3 (Groundball, 4MD)
Norberto Garza to third
Cliff Mills to second
Batting: LHB Gabriel Estrada 0-0: Called Strike
0-1: SINGLE (Line Drive, 7S)
Norberto Garza scores
Cliff Mills to third
Batting: LHB Chris Gibson 0-0: Ball
Gabriel Estrada is caught stealing 2nd base
1-0: Ground out U3 (Groundball, 3L)
Top of the 6th over - 1 run(s), 3 hit(s), 0 error(s), 1 left on base; Michigan State 4 - Utah 5
BOTTOM OF THE 6TH
Utah Utes batting - Pitching for Michigan State Spartans : RHP Nathaniel Reynolds
Batting: RHB José Ayala 0-0: Ball
1-0: Swinging Strike
1-1: Fly out, F9 (Flyball, 9)
Batting: SHB John May 0-0: Ball
1-0: Called Strike
1-1: Ball
2-1: Called Strike
2-2: Strikes out swinging
Batting: RHB Randy Banks 0-0: Called Strike
0-1: Foul Ball, location: 2F
0-2: Strikes out looking
Bottom of the 6th over - 0 run(s), 0 hit(s), 0 error(s), 0 left on base; Michigan State 4 - Utah 5
TOP OF THE 7TH
Michigan State Spartans batting - Pitching for Utah Utes : RHP Jeff Pope
Batting: RHB Ryan Fullerton 0-0: Swinging Strike
0-1: Foul Ball, location: 2F
0-2: Strikes out swinging
Batting: RHB Bob Watson 0-0: Ball
1-0: Ball
2-0: Fly out, F9 (Flyball, 89S)
Batting: RHB Chris Marshall 0-0: Ball
1-0: Foul Ball, location: 2F
1-1: Hit by Pitch
Batting: SHB Joe Emery 0-0: Swinging Strike
0-1: Ball
1-1: Ball
2-1: Ball
3-1: Base on Balls
Chris Marshall to second
Pitching: LHP Franklin O'Morchoe
Pinch Hitting: RHB Jesús Lima 0-0: Called Strike
0-1: Foul Ball, location: 2F
0-2: Ball
1-2: Strikes out swinging
Top of the 7th over - 0 run(s), 0 hit(s), 0 error(s), 2 left on base; Michigan State 4 - Utah 5
BOTTOM OF THE 7TH
Utah Utes batting - Pitching for Michigan State Spartans : RHP Nathaniel Reynolds
Now at 1B: Carlos Anaya
Batting: LHB Robby Bland 0-0: SINGLE (Line Drive, 4D)
Batting: RHB Kevin Hernández 0-0: Bunted foul
0-1: Ball
1-1: Sac Bunt - play at first, batter OUT! 1-4
Robby Bland to second
Batting: RHB David Banks 0-0: Ball
1-0: Foul Ball, location: 2F
1-1: Swinging Strike
1-2: Strikes out swinging
Batting: SHB Josh Conner 0-0: Ground out 4-3 (Groundball, 34D)
Bottom of the 7th over - 0 run(s), 1 hit(s), 0 error(s), 1 left on base; Michigan State 4 - Utah 5
TOP OF THE 8TH
Michigan State Spartans batting - Pitching for Utah Utes : LHP Franklin O'Morchoe
Now at C: Jeff Mann
Batting: LHB Cliff Mills 0-0: Foul Ball, location: 2F
0-1: Ball
1-1: Ball
2-1: Foul Ball, location: 2F
2-2: Ball
3-2: Fly out, F8 (Flyball, 8LD)
Batting: LHB Aaron Aguirre 0-0: Foul Ball, location: 2F
0-1: Called Strike
0-2: Strikes out swinging
Batting: LHB Gabriel Estrada 0-0: Ball
1-0: Ball
2-0: Ball
3-0: Called Strike
3-1: Swinging Strike
3-2: Foul Ball, location: 2F
3-2: Base on Balls
Pitching: RHP Mike Dunn
Batting: LHB Chris Gibson 0-0: Ball
1-0: Fly out, F6 (Line Drive, 6)
Top of the 8th over - 0 run(s), 0 hit(s), 0 error(s), 1 left on base; Michigan State 4 - Utah 5
BOTTOM OF THE 8TH
Utah Utes batting - Pitching for Michigan State Spartans : RHP Nathaniel Reynolds
Batting: SHB Carlos Mesa 0-0: Fly out, F8 (Flyball, 8LS)
Batting: RHB Steve Welch 0-0: Ball
1-0: Ball
2-0: Called Strike
2-1: Called Strike
2-2: Ball
3-2: Foul Ball, location: 2F
3-2: Foul Ball, location: 2F
3-2: Fly out, F6 (Popup, 6MS)
Batting: RHB José Ayala 0-0: Ball
1-0: Ball
2-0: SINGLE (Line Drive, 6D)
Batting: SHB John May 0-0: Called Strike
0-1: Foul Ball, location: 2F
0-2: Ball
1-2: Fielders Choice at 2nd, 4-6 (Groundball, 4)
Bottom of the 8th over - 0 run(s), 1 hit(s), 0 error(s), 0 left on base; Michigan State 4 - Utah 5
TOP OF THE 9TH
Michigan State Spartans batting - Pitching for Utah Utes : RHP Mike Dunn
Pitching: RHP Bruno Poulin
Batting: RHB Ryan Fullerton 0-0: Called Strike
0-1: Ball
1-1: Ball
2-1: Ball
3-1: Foul Ball, location: 2F
3-2: Strikes out swinging
Batting: RHB Bob Watson 0-0: Ball
1-0: Fly out, F8 (Flyball, 8LM)
Batting: RHB Chris Marshall 0-0: SINGLE (Line Drive, 7S)
Batting: SHB Joe Emery 0-0: Ball
1-0: Ball
2-0: Ball
3-0: Base on Balls
Chris Marshall to second
Batting: LHB Carlos Anaya 0-0: Ball
1-0: Ball
2-0: Ground out U3 (Groundball, 34)
Top of the 9th over - 0 run(s), 1 hit(s), 0 error(s), 2 left on base; Michigan State 4 - Utah 5
Tuesday, August 8th, 2017 - OOTP Baseball 17.12 Build 75